Map: Darkness Sanctuary LE

Players

ToiletNinja - Winner!

  • Race: Terran Terran
  • League: Platinum
  • Spawn Location: 11:00

Tyve

  • Race: Terran Terran
  • League: Diamond
  • Spawn Location: 5:00

VOD

Have the link to the VOD?

Description

Time

  • Played on: July 29, 2018, 1:18 a.m.
  • Length: 10:12
Show
View Real Time Build Order
Export as new Build Order

ToiletNinja Terran - Winner!

Build Orders:  

Get SALT Encoding   

  12  0:01  SCV  
  13  0:13  SCV  
  14  0:21  Supply Depot  
  14  0:26  SCV  
  15  0:34  Refinery  
  15  0:44  Barracks  
  15  0:46  SCV  
  16  0:59  SCV  
  17  1:11  SCV  
  18  1:23  SCV  
  19  1:35  Orbital Command  
  19  1:37  Marine  
  20  1:47  Supply Depot  
  20  2:02  SCV  
  20  2:04  Command Center  
  20  2:06  Barracks Reactor  
  21  2:23  SCV  
  22  2:30  Factory  
  22  2:35  Barracks, SCV  
  23  2:43  Marine x2  
  25  2:47  SCV  
  25  2:59  SCV  
  25  3:09  Marine x2  
  26  3:26  Marine  
  26  3:33  Marine x2  
  27  3:38  SCV  
  27  3:50  Marine  
  28  3:56  Factory Tech Lab  
  28  3:59  Marine  
  28  4:00  Marine  
  30  4:28  SCV  
  30  4:29  Barracks Tech Lab  
  31  4:33  Engineering Bay  
  31  4:34  Refinery  
  31  4:36  Starport  
  31  4:43  Supply Depot  
  31  4:53  Marine x2  
  31  4:54  Marine  
  32  5:11  Orbital Command  
  31  5:17  SCV  
  32  5:29  SCV  
  32  5:31  Siege Tank  
  32  5:32  Starport Reactor  
  36  5:38  Terran Infantry Weapons Level 1  
  36  5:41  SCV  
  37  5:45  Barracks  
  37  5:53  SCV  
  37  5:54  Marine x2  
  40  6:03  Engineering Bay  
  40  6:05  SCV  
  40  6:06  Supply Depot  
  40  6:07  Marauder  
  40  6:08  Stimpack  
  43  6:11  SCV  
  45  6:25  SCV  
  45  6:26  SCV  
  45  6:28  Bunker  
  46  6:35  Medivac  
  48  6:42  Medivac  
  48  6:45  SCV  
  51  7:00  Barracks Reactor  
  51  7:02  Marine x2  
  51  7:04  Marauder  
  51  7:07  SCV x2  
  57  7:19  Terran Infantry Armor Level 1  
  57  7:21  Armory  
  57  7:22  SCV  
  58  7:36  Medivac  
  60  7:37  Marine x2  
  62  7:48  Marine x2  
  62  7:49  Marauder  
  65  8:13  Marine x2  
  66  8:20  Marine x2  
  66  8:21  Marauder  
  66  8:25  Supply Depot  
  70  8:27  Supply Depot  
  70  8:32  Siege Tank  
  68  8:59  Marine x2  
  70  9:03  Marine x2  
  70  9:04  Marauder  
  70  9:05  Medivac x2  
  78  9:19  Marine x2  
  78  9:20  Siege Tank  
  74  9:42  Marine x4  
  74  9:43  Marauder  
Show
View Real Time Build Order
Export as new Build Order

Tyve Terran 

Build Orders:  

Get SALT Encoding   

  12  0:01  SCV  
  13  0:13  SCV  
  14  0:24  Supply Depot  
  14  0:28  SCV  
  15  0:41  Refinery  
  15  0:47  SCV  
  16  1:06  Barracks  
  16  1:09  SCV  
  17  1:23  SCV  
  18  1:29  Barracks  
  18  1:31  Refinery  
  18  1:37  SCV  
  19  1:52  SCV  
  19  1:53  Reaper  
  21  2:05  Orbital Command  
  21  2:14  Supply Depot  
  21  2:16  Reaper  
  22  2:25  Reaper  
  23  2:39  SCV  
  24  2:50  Reaper  
  25  2:51  SCV  
  26  3:03  Reaper  
  26  3:29  Reaper  
  27  3:37  Reaper  
  25  4:03  Reaper  
  26  4:12  Reaper  
  27  4:23  Command Center  
  27  4:25  Command Center  
  27  4:34  Supply Depot x2  
  27  4:35  Supply Depot  
  27  4:36  Supply Depot  
  27  4:38  Barracks Reactor  
  25  5:22  Factory  
  24  5:36  Orbital Command  
  24  5:37  Orbital Command  
  24  5:44  Supply Depot  
  24  5:53  Barracks x2  
  24  5:58  Orbital Command  
  24  6:16  Starport  
  24  6:19  Factory Tech Lab  
  24  6:28  Orbital Command  
  24  6:32  Barracks  
  24  6:34  Barracks  
  24  6:35  Engineering Bay  
  24  6:36  Engineering Bay  
  24  6:41  Barracks Tech Lab x2  
  24  6:44  Siege Tank  
  27  6:49  SCV x2  
  29  6:56  SCV  
  29  6:57  Starport Reactor  
  30  7:02  Combat Shields  
  30  7:04  Stimpack  
  30  7:05  Marauder x2  
  34  7:14  SCV x3  
  37  7:16  Siege Tank  
  37  7:18  Terran Infantry Weapons Level 1, Terran Infantry Armor Level 1  
  37  7:20  Barracks Reactor  
  37  7:22  Barracks Reactor  
  42  7:30  Marauder x2  
  42  7:33  SCV x3  
  47  7:37  Medivac x2  
  51  7:59  Marine x3  
  51  8:00  Marauder x2  
  24  8:38  Marine x3  
  24  8:39  Marauder x2  
  32  8:55  Marine  
  32  9:26  Barracks Reactor  
  32  9:27  Marauder x2, Marine x2  
Tags
 
Add a new tag
Caveats
  • Supply blocks, unpowered buildings, or Contaminate may cause inaccurate times.
  • Supply counts are checked every 10 seconds.